 Dungeon Crawl Stone Soup version 0.29-a0-284-gf9362112df (webtiles) character file.

Game seed: 7262005417223825501

1648 spaghetti the Changer (level 8, -2/48 HPs)
             Began as a Demonspawn Transmuter on Mar 21, 2022.
             Was a Priest of Hepliaklqana.
             Slain by a necrophage (7 damage)
             ... on level 5 of the Dungeon on Mar 22, 2022.
             The game lasted 00:17:32 (6464 turns).

spaghetti the Changer (Demonspawn Transmuter)       Turns: 6464, Time: 00:17:32

Health: -2/48      AC:  2    Str: 10    XL:     8   Next: 67%
Magic:  10/14      EV: 25    Int: 15    God:    Hepliaklqana [***...]
Gold:   335        SH:  0    Dex: 21    Spells: 9/15 levels left

rFire   . . .      SeeInvis .     - Unarmed
rCold   . . .      Faith    .   (shield currently unavailable)
rNeg    + . .      Spirit   .   (body armour currently unavailable)
rPois   x          Reflect  .   (helmet currently unavailable)
rElec   .          Harm     .   (cloak currently unavailable)
rCorr   .          Rampage  .   (gloves currently unavailable)
Will    +....                   (boots currently unavailable)
Stlth   ++........              (no amulet)
HPRegen 0.16/turn               m - ring of willpower
MPRegen 0.14/turn               o - ring of positive energy

@: spider-form (expiring), wereblooded
A: venomous fangs, reduced essence, tiny, (antennae 2), (spiny 1), (weakness
stinger 1), (demonic touch 3)
a: End Transformation, Renounce Religion, Recall Ancestor, Ancestor Identity,
Transference


You were on level 5 of the Dungeon.
You worshipped Hepliaklqana.
Hepliaklqana was most pleased with you.
You were a venomous arachnid creature.
You visited 1 branch of the dungeon, and saw 6 of its levels.

You collected 335 gold pieces.


Innate Abilities, Weirdness & Mutations

You are a venomous arachnid creature.
You have poisonous fangs.
You are tiny and dextrous.
Your spellcasting is less reliable in this form.
Your armour is entirely melded.
You are incapable of wielding weapons or throwing items.
Your life essence is reduced to manifest your ancestor. (-10% HP)
((You have a pair of antennae on your head.))
((You are partially covered in sharp spines.))
((You have a small tail.))
((Your touch may irresistibly damage your foes and sap their willpower.))


   Skills:
 - Level 1.0 Fighting
 + Level 6.3 Dodging
 - Level 2.6 Unarmed Combat
 + Level 4.2 Spellcasting
 + Level 6.9 Transmutations
 - Level 2.0 Poison Magic


You had 9 spell levels left.
You knew the following spells:

 Your Spells              Type           Power      Damage    Failure   Level
a - Beastly Appendage     Tmut           48%        N/A       5%          1
b - Wereblood             Tmut           24%        N/A       7%          2
c - Spider Form           Tmut/Pois      16%        N/A       22%         3

Your spell library contained the following spells:

 Spells                   Type           Power      Damage    Failure   Level
 Magic Dart               Conj           12%        1d3       38%         1
 Poisonous Vapours        Pois/Air       12%        N/A       38%         2
 Call Imp                 Summ           3%         N/A       47%         2
 Corpse Rot               Necr/Air       6%         N/A       47%         2
 Mephitic Cloud           Conj/Pois/Air  5%         N/A       61%         3
 Ice Form                 Ice/Tmut       13%        N/A       61%         4
 Alistair's Intoxication  Tmut/Pois      10%        N/A       80%         5
 Borgnjor's Vile Clutch   Necr/Erth      1%         N/A       100%        5
 Eringya's Noxious Bog    Tmut/Pois      8%         N/A       100%        6

Inventory:

Hand Weapons
 a - a +2 vorpal hunting sling {sling}
   (You found it on level 5 of the Dungeon)
 b - a +2 dagger of electrocution (melded) {short}
   (You took it off an orc on level 4 of the Dungeon)
 j - a +0 rapier {short}
   (You found it on level 1 of the Dungeon)
Missiles
 e - 59 stones (quivered) {throwing}
 f - 3 poisoned darts {throwing}
 z - 6 boomerangs {throwing}
Armour
 g - a +0 robe (melded)
 u - a +0 cloak (melded)
   (You found it on level 1 of the Dungeon)
 D - the +4 pair of gloves of Untold Secrets {Stlth+}
   (You acquired it on level 4 of the Dungeon)

   Stlth:     It makes you more stealthy.
Magical Staves
 A - a staff of death {!astaff}
   (You found it on level 2 of the Dungeon)
 O - a staff of death {!astaff}
   (You found it on level 4 of the Dungeon)
Jewellery
 m - a ring of willpower (left front leg)
   (You found it on level 1 of the Dungeon)
 o - a ring of positive energy (right front leg)
   (You found it on level 1 of the Dungeon)
Wands
 c - a wand of flame (25)
   (You found it on level 4 of the Dungeon)
 d - a wand of mindburst (12)
   (You found it on level 5 of the Dungeon)
 v - a wand of polymorph (11)
   (You found it on level 2 of the Dungeon)
Scrolls
 p - a scroll of teleportation {unknown}
 q - a scroll of fog {unknown}
 w - 3 scrolls of noise {!r}
 B - a scroll of vulnerability {!r!r}
 M - a scroll of enchant weapon
Potions
 h - a potion of magic {unknown}
 k - a potion of berserk rage {!q}
 E - a potion of degeneration {unknown}

Dungeon Overview and Level Annotations

Branches:
Dungeon (6/15)
 Temple: D:4-7

Altars:
Elyvilon
Gozag
Hepliaklqana
Makhleb
Nemelex Xobeh
Sif Muna

Shops:
D:4

= .#.#.......# #.........##.##...
.#.####.#.## ######.##.##.##...
##.####.#.##### #.#...#.##...
##......#.....# #.......#####
#############.# ###...### # # ###
####.#### #...# #### ####.###
#.......# #...# #... ##..#..#
#<##.##.######...####.##
##.###.###.##.##sn..............#
#.## ##.........†R...............
...###.##...#..#.................
....#..##......#.######...####.#.
..##.####........# #...# #...
###### #.#....### #...# ###.
#......# #...# ##. #### ###.####
##...#####.. ...# #.#####
#...........


You could see the friendly Enheduana the battlemage and a necrophage (ally
target).


Message History

A necrophage comes into view.
The gnoll closely misses you. 😎 MP[-3]
You lost 3 mp, and now have 10/13 mp.
Unknown command.
You barely miss the gnoll. The bullfrog misses you.
The gnoll sergeant hits you from afar with a +0 spear.
Enheduana hits the gnoll with a +0 quarterstaff!
The gnoll dies!
A centaur comes into view.
The bullfrog misses you. 😕 HP[-4]
You take 4 damage, and now have 44/48 hp.
Casting: Spider Form (dangerous; 24% risk of failure)
Confirm with . or Enter, or press ? or * to list all spells.
Your blood is infused with primal strength.
The bullfrog misses you.
The gnoll sergeant hits you from afar with a +0 spear!
Enheduana hits the gnoll with a +0 quarterstaff!
The gnoll dies! 😮 HP[-10] MP[-2]
You take 10 damage, and now have 34/48 hp.
MASSIVE DAMAGE!! (PAUSE)
You lost 2 mp, and now have 8/13 mp.
You hit the bullfrog but do no damage.
The bullfrog is poisoned.
The bullfrog completely misses you. 😮 HP[+1]
You bite the bullfrog!
The bullfrog looks as sick as possible!
The bullfrog completely misses you. x2; The gnoll sergeant closely misses you.
Enheduana closely misses the bullfrog.
The bullfrog completely misses you. The bullfrog misses you.
You hit the bullfrog.
The bullfrog looks as sick as possible!
The gnoll sergeant barely misses you.
Enheduana gestures at the gnoll sergeant while chanting.
The stone arrow hits the bullfrog!
The centaur closely misses Enheduana. x2
The bullfrog hits Enheduana.
The bullfrog misses you.
You hit the bullfrog.
You feel a bit better.
You kill the bullfrog!
The bullfrog misses you.
The gnoll sergeant hits you from afar with a +0 spear!
* * * LOW HITPOINT WARNING * * *
Enheduana hits the centaur with a +0 quarterstaff.
A gnoll comes into view. It is wielding a +0 club.
The centaur misses you. The centaur kicks you.
* * * LOW HITPOINT WARNING * * *
The bullfrog completely misses you.
Your Spellcasting skill increases to level 4! 😨 HP[-13]
You take 13 damage, and now have 22/48 hp.
MASSIVE DAMAGE!! (PAUSE)
You completely miss the bullfrog.
The gnoll sergeant hits you from afar with a +0 spear.
* * * LOW HITPOINT WARNING * * *
Enheduana points at the gnoll sergeant and mumbles some strange words.
The stone arrow hits the centaur!
The centaur hits Enheduana.
The centaur completely misses Enheduana.
The bullfrog hits you but does no damage. 😨 HP[-5] MP[+1]
You take 5 damage, and now have 17/48 hp.
You hit the bullfrog.
The bullfrog looks as sick as possible!
The centaur closely misses Enheduana.
The centaur kicks Enheduana.
The bullfrog barely misses you.
The gnoll sergeant hits you from afar with a +0 spear!
* * * LOW HITPOINT WARNING * * *
Enheduana points at the centaur and mumbles some strange words.
The puff of frost hits the centaur.
The necrophage misses you.
The centaur hits Enheduana.
The centaur kicks Enheduana.
The bullfrog closely misses you. 😱 HP[-8]
You take 8 damage, and now have 9/48 hp.
The gnoll sergeant hits you from afar with a +0 spear.
* * * LOW HITPOINT WARNING * * *
Enheduana gestures at the centaur while chanting.
The puff of frost hits the centaur!
The centaur dies!
The necrophage hits you.
* * * LOW HITPOINT WARNING * * *
The bullfrog barely misses you.
You climb upwards.
There is a stone staircase leading down here. 😱 HP[-6]
You take 6 damage, and now have 3/48 hp.
Unknown command.
Unknown command.
Unknown command.
You bite the bullfrog!
You feel a bit better.
You kill the bullfrog!
The necrophage completely misses you. 😱 HP[+2]
You regained 2 hp, and now have 5/48 hp.
You hit the necrophage.
Enheduana closely misses the necrophage.
The necrophage completely misses you.
You bite the necrophage!
Enheduana hits the necrophage with a +0 quarterstaff!
The necrophage closely misses you.
You hit the necrophage.
Your transformation is almost over.
Enheduana barely misses the necrophage.
The necrophage hits you!
You die...

Skill      XL: |  1  2  3  4  5  6  7  8 |
---------------+-------------------------+-----
Transmutations | 2 3 4 5 6 |  6.9
Dodging        | 2 3 4 5 6 |  6.3
Poison Magic   | 1 2 |  2.0
Spellcasting   | 4 |  4.2
Fighting       | |  1.0
Unarmed Combat | |  2.6

Action                   |  1- 3 |  4- 6 |  7- 9 || total
-------------------------+-------+-------+-------++-------
Melee: Unarmed           |    75 |    39 |    26 ||   140
       Kick              |     8 |    16 |     4 ||    28
       Headbutt          |     3 |       |       ||     3
       Tailslap          |     4 |    14 |     3 ||    21
       Whip              |       |    68 |       ||    68
       Rapier            |       |    11 |       ||    11
       Dagger            |       |     3 |    33 ||    36
       Punch             |       |       |     1 ||     1
 Fire: Hunting sling     |       |       |     4 ||     4
Throw: Stone             |       |     5 |     4 ||     9
 Cast: Beastly Appendage |    14 |    11 |     3 ||    28
       Wereblood         |     6 |    18 |     6 ||    30
       Spider Form       |       |       |     2 ||     2
Invok: Ancestor Life: Ba |     1 |       |       ||     1
  Use: Potion            |     1 |     4 |     1 ||     6
       Scroll            |     1 |     5 |       ||     6
 Stab: Distracted        |     1 |     1 |       ||     2
       Sleeping          |     2 |       |     1 ||     3
Armor: Robe              |    18 |    12 |     7 ||    37
       Skin              |     4 |       |     2 ||     6
Dodge: Dodged            |    47 |    64 |    55 ||   166
Block: Buckler           |     7 |    18 |     2 ||    27

Levels and vault maps discovered:
D:1:      saegor_arrival_simple_c, layout_basic,
          shapermc_ecumenical_altar_mp_highgroup, serial_forest,
          infiniplex_forest_lined_corner, infiniplex_forest_clump_long,
          infiniplex_forest_clump_tiny, infiniplex_forest_straight_1,
          infiniplex_forest_lined_corner, infiniplex_forest_lined_room_,
          corexii_hall_statues_l, dreamdust_wishing_well, minmay_fountain_box,
          minmay_tromino_v7
D:2:      layout_basic, roderic_roman_lattice, minivault_23, uniq_natasha
D:3:      cheibrodos_pilgrimage, layout_basic,
          mainiacjoe_overflow_cross_hatched, kennysheep_generic_room_8
D:4:      layout_loops_ring, minitemple, mainiacjoe_overflow_two_lobes,
          serial_shops, nicolae_square_shop, uniq_blork_the_orc, uniq_robin
D:5:      layout_loops_cross, uniq_duvessa
D:6:      layout_gridville, temple_green

Notes
Turn   | Place    | Note
-------+----------+-------------------------------------------
     0 | D:1      | spaghetti the Demonspawn Transmuter began the quest for the
                  | Orb.
     0 | D:1      | Reached XP level 1. HP: 15/15 MP: 3/3
     0 | D:1      | magus.rc [v1.9.6]
    75 | D:1      | Reached skill level 2 in Transmutations
   323 | D:1      | Found a faded altar of an unknown god.
   327 | D:1      | Prayed at the altar of an unknown god.
   327 | D:1      | Became a worshipper of Hepliaklqana the Forgotten
   327 | D:1      | Reached * piety under Hepliaklqana
   433 | D:1      | You feel monstrous as your demonic heritage exerts itself.
   433 | D:1      | Discovered your monstrous ancestry.
   433 | D:1      | Gained mutation: Your touch may inflict minor irresistible
                  | damage on your foes. [demonic ancestry]
   433 | D:1      | Reached XP level 2. HP: 17/18 MP: 3/5
   630 | D:1      | Reached skill level 3 in Transmutations
   798 | D:1      | Learned a level 2 spell: Wereblood
  1000 | D:1      | Gained mutation: You have a small tail. [demonic ancestry]
  1000 | D:1      | Reached XP level 3. HP: 18/23 MP: 4/6
  1117 | D:1      | You pick up a book of Vapours and begin reading...
  1117 | D:1      | You add the spells Poisonous Vapours and Corpse Rot to your
                  | library.
  1799 | D:2      | Reached ** piety under Hepliaklqana
  1802 | D:2      | Remembered your ancestor Enheduana as a battlemage
  1922 | D:2      | Noticed Natasha
  1929 | D:2      | Killed Natasha
  1930 | D:2      | Reached skill level 2 in Dodging
  1930 | D:2      | Reached skill level 1 in Poison Magic
  2161 | D:2      | Lost mutation: You have a pair of horns on your head.
                  | [demonic ancestry]
  2161 | D:2      | Lost mutation: You have a pair of small horns on your head.
                  | [demonic ancestry]
  2161 | D:2      | Gained mutation: You have a pair of small antennae on your
                  | head. [demonic ancestry]
  2161 | D:2      | Reached XP level 4. HP: 28/28 MP: 3/7
  2558 | D:2      | HP: 5/28 [worm (11)]
  3158 | D:3      | Found a shimmering blue altar of Sif Muna.
  3521 | D:3      | Gained mutation: Your touch may inflict irresistible damage
                  | on your foes. [demonic ancestry]
  3521 | D:3      | Reached XP level 5. HP: 19/33 MP: 8/8
  3524 | D:3      | Reached skill level 2 in Poison Magic
  3534 | D:3      | HP: 5/33 [orc/+0 flail (6)]
  3535 | D:3      | HP: 1/33 [orc/+0 flail (4)]
  3570 | D:4      | Noticed Robin
  3577 | D:4      | Killed Robin
  3578 | D:4      | Reached skill level 3 in Dodging
  3578 | D:4      | Reached skill level 4 in Transmutations
  3616 | D:4      | Identified a scroll of acquirement
  3616 | D:4      | Acquired the +4 pair of gloves of Untold Secrets {Stlth+}
  3704 | D:4      | Reached *** piety under Hepliaklqana
  3803 | D:4      | Gained mutation: You have a pair of antennae on your head.
                  | [demonic ancestry]
  3803 | D:4      | Reached XP level 6. HP: 17/38 MP: 9/9
  4163 | D:4      | Found Uwoywiok's Jewellery Boutique.
  4190 | D:4      | Found an opulent altar of Gozag.
  4194 | D:4      | Found a burning altar of Makhleb.
  4247 | D:4      | Noticed Blork the orc
  4265 | D:4      | Killed Blork the orc
  4587 | D:4      | Reached skill level 4 in Dodging
  4661 | D:4      | Reached skill level 5 in Transmutations
  4912 | D:4      | Gained mutation: You are partially covered in sharp spines.
                  | [demonic ancestry]
  4912 | D:4      | Reached XP level 7. HP: 35/43 MP: 8/10
  4990 | D:4      | Found a hazy altar of Hepliaklqana.
  5019 | D:4      | Found a sparkling altar of Nemelex Xobeh.
  5123 | D:4      | Reached skill level 5 in Dodging
  5318 | D:4      | Learned a level 3 spell: Spider Form
  5404 | D:5      | Entered Level 5 of the Dungeon
  5404 | D:5      | Noticed Duvessa
  5406 | D:5      | Noticed Dowan
  5417 | D:5      | Killed Duvessa
  5425 | D:5      | Killed Dowan
  5426 | D:5      | Reached skill level 6 in Transmutations
  5647 | D:5      | Gained mutation: Your touch may irresistibly damage your
                  | foes and sap their willpower. [demonic ancestry]
  5647 | D:5      | Reached XP level 8. HP: 48/48 MP: 12/12
  5652 | D:5      | Reached skill level 3 in Spellcasting
  5697 | D:5      | HP: 7/48 [orc priest/divine providence (10)]
  5902 | D:5      | You pick up a book of Minor Magic and begin reading...
  5902 | D:5      | You add the spells Magic Dart, Call Imp and Mephitic Cloud
                  | to your library.
  6055 | D:5      | Reached skill level 6 in Dodging
  6089 | D:5      | You add the spells Alistair's Intoxication, Borgnjor's Vile
                  | Clutch and Eringya's Noxious Bog to your library.
  6457 | D:6      | Reached skill level 4 in Spellcasting
  6458 | D:6      | HP: 9/48 [gnoll sergeant/+0 spear (8)]
  6459 | D:6      | HP: 3/48 [necrophage (4)]
  6464 | D:5      | Slain by a necrophage

Vanquished Creatures
  Duvessa (D:5)
  An ogre (D:4)
  A kobold brigand (D:4)
  2 bullfrogs
  2 scorpions (D:4)
  Dowan (D:5)
  A howler monkey (D:4)
  2 hounds
  2 iguanas
  3 orc wizards
  An adder (D:5)
  An ufetubus (D:5)
  A dart slug (D:1)
  6 orcs
  8 ball pythons
  A bat (D:1)
  2 endoplasms
  A giant cockroach (D:2)
  10 goblins
  6 hobgoblins
  3 jackals
  3 quokkas
  3 frilled lizards (D:2)
  5 kobolds
  7 rats
74 creatures vanquished.

Vanquished Creatures (collateral kills)
  A water moccasin (D:5)
  2 centaurs
  Blork the orc (D:4)
  2 scorpions (D:5)
  6 orc priests
  Natasha (D:2)
  An orc wizard (D:5)
  Robin (D:4)
  4 adders
  2 gnolls (D:6)
  A worm (D:2)
  A dart slug (D:3)
  5 orcs
  2 endoplasms
  A giant cockroach (D:1)
  8 goblins
  4 hobgoblins
  3 jackals (D:4)
  A quokka (D:2)
  3 ball pythons
  3 bats (D:1)
  A frilled lizard (D:1)
  2 rats (D:2)
56 creatures vanquished.

Vanquished Creatures (others)
  A battlemage (D:3)
1 creature vanquished.

Grand Total: 131 creatures vanquished

Table legend:
 A = Non-vault XP
 B = Vault XP
 C = Vault XP percentage of total XP
 D = Non-vault monster count
 E = Vault monster count
 F = Vault count percentage of total count
                 A         B        C        D         E       F
            +---------+---------+-------+---------+---------+-------
      Total |    1881 |     474 |  20.1 |     107 |      23 |  17.7
            +---------+---------+-------+---------+---------+-------
        D:1 |      46 |       7 |  13.2 |      27 |       4 |  12.9
        D:2 |      48 |      36 |  42.9 |      22 |       1 |   4.3
        D:3 |      22 |      87 |  79.8 |       5 |       3 |  37.5
        D:4 |     655 |     130 |  16.6 |      30 |      13 |  30.2
        D:5 |     881 |     214 |  19.5 |      19 |       2 |   9.5
        D:6 |     229 |       0 |   0.0 |       4 |       0 |   0.0
            +---------+---------+-------+---------+---------+-------

Illustrated notes

Table legend:
 A = Kills in this place as a percentage of kills in entire the game.
 B = Kills by you in this place as a percentage of kills by you in the entire game.
 C = Kills by friends in this place as a percentage of kills by friends in the entire game.
 D = Other kills in this place as a percentage of other kills in the entire game.
 E = Experience gained in this place as a percentage of experience gained in the entire game.
 F = Experience gained in this place divided by the number of levels of this place that you have seen.
                   A       B       C       D       E      F
               +-------+-------+-------+-------+-------+----------------------
         Total | 100.0 | 100.0 | 100.0 |   N/A | 100.0 | 392.5
       Dungeon | 100.0 | 100.0 | 100.0 |   N/A | 100.0 | 392.5
               +-------+-------+-------+-------+-------+----------------------

Table legend: (Time is in decaauts)
 A = Elapsed time spent in this place.
 B = Non-inter-level travel time spent in this place.
 C = Inter-level travel time spent in this place.
 D = Time resting spent in this place.
 E = Time spent auto-exploring this place.
 F = Levels seen in this place.
 G = Mean time per level.
                   A        B        C        D        E       F      G
               +--------+--------+--------+--------+--------+-----+--------+
         Total |   6469 |   6293 |    176 |    748 |   4685 |   6 | 1078.2 |
       Dungeon |   6469 |   6293 |    176 |    748 |   4685 |   6 | 1078.2 |
               +--------+--------+--------+--------+--------+-----+--------+

Top non-repeatable levels by time:
     D:4: 1863 daAuts
     D:1: 1741 daAuts
     D:2: 1353 daAuts
     D:5: 1049 daAuts
     D:3: 450 daAuts
     D:6: 10 daAuts
